BSA
BOSTON REBELS @ ORLANDO CALRISSIAN
07/22/2030
 
TOP OF THE 1ST
Boston Rebels batting - Pitching for Orlando Calrissian : RHP Arthur Melton
Pitching: RHP Arthur Melton
Batting: LHB Paco Córdova 0-0: Ball
1-0: Ball
2-0: Ball
3-0: Base on Balls
Batting: LHB Frank Jackson 0-0: Ball
1-0: Ball
2-0: SINGLE (Line Drive, 78S)
Paco Córdova to second
Batting: RHB Ken McDonald 0-0: Foul Ball, location: 2F
0-1: Called Strike
0-2: Hit by Pitch
Paco Córdova to third
Frank Jackson to second
Batting: LHB Gabriel Aragón 0-0: Ball
1-0: Called Strike
1-1: Ball
2-1: Swinging Strike
2-2: Strikes out swinging
Batting: RHB Tony Long 0-0: Ball
1-0: Foul Ball, location: 2F
1-1: Ball
2-1: Ball
3-1: Base on Balls
Paco Córdova scores
Frank Jackson to third
Ken McDonald to second
Batting: LHB Ricardo Brandariz 0-0: GRAND SLAM HOME RUN (Flyball, 9LD), Distance : 341 ft
Batting: RHB Aaron Washington 0-0: Ball
1-0: Ball
2-0: Foul Ball, location: 2F
2-1: Foul Ball, location: 2F
2-2: Foul Ball, location: 2F
2-2: Ground out 5-3 (Groundball, 5)
Batting: RHB Roberto Chávez 0-0: Ball
1-0: Swinging Strike
1-1: Ground out 5-3 (Groundball, 5S)
Top of the 1st over - 5 runs, 2 hits, 0 errors, 0 left on base; Boston 5 - Orlando 0
BOTTOM OF THE 1ST
Orlando Calrissian batting - Pitching for Boston Rebels : RHP John Foster
Pitching: RHP John Foster
Batting: RHB Jesús Gonzáles 0-0: Foul Ball, location: 2F
0-1: Foul Ball, location: 2F
0-2: Foul Ball, location: 2F
0-2: Ground out 6-3 (Groundball, 6)
Batting: SHB Tim Abbott 0-0: Ball
1-0: Ball
2-0: Foul Ball, location: 2F
2-1: Swinging Strike
2-2: Ground out 4-3 (Groundball, 4M)
Batting: LHB Zack Payton 0-0: Ball
1-0: Called Strike
1-1: Ball
2-1: Ground out 4-3 (Groundball, 34D)
Bottom of the 1st over - 0 runs, 0 hits, 0 errors, 0 left on base; Boston 5 - Orlando 0
TOP OF THE 2ND
Boston Rebels batting - Pitching for Orlando Calrissian : RHP Arthur Melton
Batting: RHB Yaichiro Sugahara 0-0: Ball
1-0: Ball
2-0: Ball
3-0: Called Strike
3-1: Base on Balls
Batting: LHB Paco Córdova 0-0: Foul Ball, location: 2F
0-1: Ball
1-1: Swinging Strike
1-2: Foul Ball, location: 2F
1-2: Ball
2-2: Foul Ball, location: 2F
2-2: Foul Ball, location: 2F
2-2: Ball
3-2: Base on Balls
Yaichiro Sugahara to second
Batting: LHB Frank Jackson 0-0: Called Strike
0-1: Ball
1-1: Foul Ball, location: 2F
1-2: Ball
2-2: Strikes out swinging
Batting: RHB Ken McDonald 0-0: Ball
1-0: Called Strike
1-1: Ball
2-1: DOUBLE (Line Drive, 9LD)
Yaichiro Sugahara scores
Paco Córdova to third
Runner from 3rd tries for Home, SAFE, no throw
Batting: LHB Gabriel Aragón 0-0: Swinging Strike
0-1: Foul Ball, location: 2F
0-2: Ground out 4-3 (Groundball, 4)
Ken McDonald to third
Batting: RHB Tony Long 0-0: Called Strike
0-1: Ball
1-1: Ball
2-1: SINGLE (Groundball, 5D)
Ken McDonald scores
Batting: LHB Ricardo Brandariz 0-0: Fielders Choice at 2nd, 6-4 (Groundball, 6)
Top of the 2nd over - 3 runs, 2 hits, 0 errors, 1 left on base; Boston 8 - Orlando 0
BOTTOM OF THE 2ND
Orlando Calrissian batting - Pitching for Boston Rebels : RHP John Foster
Batting: RHB Raúl Canó 0-0: Swinging Strike
0-1: Swinging Strike
0-2: Ball
1-2: Strikes out swinging
Batting: RHB Gabriel Ángel 0-0: Swinging Strike
0-1: Foul Ball, location: 2F
0-2: Strikes out looking
Batting: LHB Juan Colón 0-0: Ball
1-0: Called Strike
1-1: Ball
2-1: Swinging Strike
2-2: Ball
3-2: Strikes out swinging
Bottom of the 2nd over - 0 runs, 0 hits, 0 errors, 0 left on base; Boston 8 - Orlando 0
TOP OF THE 3RD
Boston Rebels batting - Pitching for Orlando Calrissian : RHP Arthur Melton
Batting: RHB Aaron Washington 0-0: Called Strike
0-1: Ball
1-1: Swinging Strike
1-2: Fly out, F1 (Line Drive, 13S)
Batting: RHB Roberto Chávez 0-0: Called Strike
0-1: Ball
1-1: Called Strike
1-2: SINGLE (Line Drive, 89M)
Batting: RHB Yaichiro Sugahara 0-0: Called Strike
0-1: Ball
Throwing error on steal attempt, E2
Roberto Chávez to third
1-1: Fly out, F4 (Line Drive, 4M)
Batting: LHB Paco Córdova 0-0: Called Strike
0-1: Foul Ball, location: 2F
0-2: Ball
1-2: SINGLE (Groundball, 56D)
Roberto Chávez scores
Batting: LHB Frank Jackson 0-0: Ball
1-0: SINGLE (Groundball, 34) (infield hit)
Paco Córdova to second
Batting: RHB Ken McDonald 0-0: Swinging Strike
0-1: Ball
1-1: Ball
2-1: Ball
3-1: Base on Balls
Paco Córdova to third
Frank Jackson to second
Batting: LHB Gabriel Aragón 0-0: Ball
1-0: Foul Ball, location: 2F
1-1: Ball
2-1: Called Strike
2-2: Foul Ball, location: 2F
2-2: Foul Ball, location: 2F
2-2: Foul Ball, location: 2F
2-2: Ball
3-2: SINGLE (Groundball, 4MD)
Paco Córdova scores
Frank Jackson to third
Ken McDonald to second
Frank Jackson scores
Ken McDonald to third
Pitching: RHP José Reyes
Batting: RHB Tony Long 0-0: DOUBLE (Flyball, 8RD)
Ken McDonald scores
Gabriel Aragón to third
Batting: LHB Ricardo Brandariz 0-0: Called Strike
0-1: Swinging Strike
0-2: Ball
1-2: Ball
2-2: Foul Ball, location: 2F
2-2: Ball
3-2: Base on Balls
Batting: RHB Aaron Washington 0-0: Ball
1-0: Ball
2-0: Called Strike
2-1: Foul Ball, location: 2F
2-2: SINGLE (Line Drive, 56D)
Gabriel Aragón scores
Tony Long to third
Ricardo Brandariz to second
Runner from 3rd tries for Home, SAFE, throw made home
Batting: RHB Roberto Chávez 0-0: Called Strike
0-1: Swinging Strike
0-2: Ball
1-2: Ball
2-2: Fielders Choice at 2nd, 5-4 (Groundball, 5L)
Top of the 3rd over - 6 runs, 6 hits, 1 error, 2 left on base; Boston 14 - Orlando 0
BOTTOM OF THE 3RD
Orlando Calrissian batting - Pitching for Boston Rebels : RHP John Foster
Batting: RHB Griswold Coleman 0-0: Ground out 6-3 (Groundball, 6M)
Batting: RHB Frederico Hernández 0-0: Called Strike
0-1: DOUBLE (Line Drive, 7LD)
Batting: RHB Robby Lewis 0-0: Called Strike
0-1: Called Strike
0-2: Foul Ball, location: 2F
0-2: Ball
1-2: Fly out, F8 (Flyball, 8RM)
Batting: RHB Jesús Gonzáles 0-0: Ball
1-0: Called Strike
1-1: Called Strike
1-2: Strikes out swinging
Bottom of the 3rd over - 0 runs, 1 hit, 0 errors, 1 left on base; Boston 14 - Orlando 0
TOP OF THE 4TH
Boston Rebels batting - Pitching for Orlando Calrissian : RHP José Reyes
Batting: RHB Yaichiro Sugahara 0-0: Ball
1-0: SINGLE (Line Drive, 6M)
Batting: LHB Paco Córdova 0-0: Fly out, F7 (Flyball, 78M)
Batting: LHB Frank Jackson 0-0: Ground out 5-3 (Groundball, 56S)
Yaichiro Sugahara to second
Batting: RHB Ken McDonald 0-0: Ball
1-0: Called Strike
1-1: Fly out, F6 (Popup, P)
Top of the 4th over - 0 runs, 1 hit, 0 errors, 1 left on base; Boston 14 - Orlando 0
BOTTOM OF THE 4TH
Orlando Calrissian batting - Pitching for Boston Rebels : RHP John Foster
Batting: SHB Tim Abbott 0-0: Swinging Strike
0-1: Swinging Strike
0-2: Ball
1-2: Strikes out swinging
Batting: LHB Zack Payton 0-0: Called Strike
0-1: Ball
1-1: Called Strike
1-2: Ground out U3 (Groundball, 34S)
Batting: RHB Raúl Canó 0-0: Called Strike
0-1: Ball
1-1: Ball
2-1: SINGLE (Groundball, 56D)
Batting: RHB Gabriel Ángel 0-0: Ball
1-0: Fly out, F4 (Line Drive, 34)
Bottom of the 4th over - 0 runs, 1 hit, 0 errors, 1 left on base; Boston 14 - Orlando 0
TOP OF THE 5TH
Boston Rebels batting - Pitching for Orlando Calrissian : RHP José Reyes
Batting: LHB Gabriel Aragón 0-0: Foul Ball, location: 2F
0-1: Called Strike
0-2: Ground out 4-3 (Groundball, 34)
Batting: RHB Tony Long 0-0: Ball
1-0: Ground out 5-3 (Groundball, 56)
Batting: LHB Ricardo Brandariz 0-0: Ball
1-0: Ground out 4-3 (Groundball, 4)
Top of the 5th over - 0 runs, 0 hits, 0 errors, 0 left on base; Boston 14 - Orlando 0
BOTTOM OF THE 5TH
Orlando Calrissian batting - Pitching for Boston Rebels : RHP John Foster
Batting: LHB Juan Colón 0-0: Ball
1-0: Foul Ball, location: 2F
1-1: Ball
2-1: Called Strike
2-2: Strikes out swinging
Batting: RHB Griswold Coleman 0-0: Called Strike
0-1: DOUBLE (Line Drive, 9LM)
Batting: RHB Frederico Hernández 0-0: Fly out, F6 (Line Drive, 6M)
Batting: RHB Robby Lewis 0-0: Foul Ball, location: 2F
0-1: Ball
1-1: Fly out, F8 (Flyball, 8LM)
Bottom of the 5th over - 0 runs, 1 hit, 0 errors, 1 left on base; Boston 14 - Orlando 0
TOP OF THE 6TH
Boston Rebels batting - Pitching for Orlando Calrissian : RHP José Reyes
Batting: RHB Aaron Washington 0-0: Ball
1-0: Ball
2-0: Ground out 5-3 (Groundball, 5)
Batting: RHB Roberto Chávez 0-0: DOUBLE (Line Drive, 78XD)
Batting: RHB Yaichiro Sugahara 0-0: Ground out 5-3 (Groundball, 5)
Batting: LHB Paco Córdova 0-0: SINGLE (Groundball, 6MD)
Roberto Chávez to third
Runner from 3rd tries for Home, SAFE, no throw
Batting: LHB Frank Jackson 0-0: Called Strike
0-1: Ball
1-1: Foul Ball, location: 2F
1-2: Foul Ball, location: 2F
1-2: Ball
2-2: Fielders Choice at 2nd, 5-4 (Groundball, 5)
Top of the 6th over - 1 run, 2 hits, 0 errors, 1 left on base; Boston 15 - Orlando 0
BOTTOM OF THE 6TH
Orlando Calrissian batting - Pitching for Boston Rebels : RHP John Foster
Batting: RHB Jesús Gonzáles 0-0: Called Strike
0-1: SINGLE (Line Drive, 89S)
Batting: SHB Tim Abbott 0-0: Called Strike
0-1: Ball
1-1: Fly out, F7 (Flyball, 7)
Batting: LHB Zack Payton 0-0: Grounds into double play, 6-4-3 (Groundball, 6)
Bottom of the 6th over - 0 runs, 1 hit, 0 errors, 0 left on base; Boston 15 - Orlando 0
TOP OF THE 7TH
Boston Rebels batting - Pitching for Orlando Calrissian : RHP José Reyes
Batting: RHB Ken McDonald 0-0: SINGLE (Groundball, 56D)
Batting: LHB Gabriel Aragón 0-0: Called Strike
0-1: Ball
1-1: Fielders Choice at 2nd, 4-6 (Groundball, 4)
Batting: RHB Tony Long 0-0: Foul Ball, location: 2F
0-1: Reached on error, E6 (Groundball, 6)
Gabriel Aragón to second
Batting: LHB Ricardo Brandariz 0-0: Called Strike
0-1: Called Strike
Gabriel Aragón steals 3rd base
0-2: DOUBLE (Line Drive, 8RD)
Gabriel Aragón scores
Tony Long to third
Pitching: LHP Keith Jennings
Batting: RHB Aaron Washington 0-0: Called Strike
0-1: Fly out, F7 (Line Drive, 7S)
Batting: RHB Roberto Chávez 0-0: Ball
1-0: Swinging Strike
1-1: Foul Ball, location: 2F
1-2: Strikes out swinging
Top of the 7th over - 1 run, 2 hits, 1 error, 2 left on base; Boston 16 - Orlando 0
BOTTOM OF THE 7TH
Orlando Calrissian batting - Pitching for Boston Rebels : RHP John Foster
Batting: RHB Raúl Canó 0-0: Foul Ball, location: 2F
0-1: Ground out 6-3 (Groundball, 6MS)
Batting: RHB Gabriel Ángel 0-0: Ball
1-0: Foul Ball, location: 2F
1-1: Foul Ball, location: 2F
1-2: Foul Ball, location: 2F
1-2: Foul Ball, location: 2F
1-2: Strikes out looking
Batting: LHB Juan Colón 0-0: Called Strike
0-1: Ball
1-1: Called Strike
1-2: Foul Ball, location: 2F
1-2: Foul Ball, location: 2F
1-2: Ball
2-2: Ball
3-2: Strikes out looking
Bottom of the 7th over - 0 runs, 0 hits, 0 errors, 0 left on base; Boston 16 - Orlando 0
TOP OF THE 8TH
Boston Rebels batting - Pitching for Orlando Calrissian : LHP Keith Jennings
Batting: RHB Yaichiro Sugahara 0-0: Ball
1-0: Ball
2-0: Ball
3-0: Base on Balls
Batting: LHB Paco Córdova 0-0: Fielders Choice at 2nd, 6-4 (Groundball, 6)
Batting: LHB Frank Jackson 0-0: Swinging Strike
0-1: Fielders Choice at 2nd, 5-4 (Groundball, 5)
Batting: RHB Ken McDonald 0-0: Called Strike
0-1: Ball
1-1: Foul Ball, location: 2F
1-2: Fly out, F8 (Flyball, 8RM)
Top of the 8th over - 0 runs, 0 hits, 0 errors, 1 left on base; Boston 16 - Orlando 0
BOTTOM OF THE 8TH
Orlando Calrissian batting - Pitching for Boston Rebels : RHP John Foster
Now in RF: Devin Smith
Batting: RHB Griswold Coleman 0-0: Fly out, F3 (Line Drive, 3)
Batting: RHB Frederico Hernández 0-0: Ball
1-0: Called Strike
1-1: Fly out, F8 (Flyball, 8LXD)
Batting: RHB Robby Lewis 0-0: Ground out 4-3 (Groundball, 4)
Bottom of the 8th over - 0 runs, 0 hits, 0 errors, 0 left on base; Boston 16 - Orlando 0
TOP OF THE 9TH
Boston Rebels batting - Pitching for Orlando Calrissian : LHP Keith Jennings
Batting: LHB Gabriel Aragón 0-0: Swinging Strike
0-1: SINGLE (Groundball, 56D)
Batting: RHB Tony Long 0-0: Ball
1-0: SINGLE (Flyball, 4MD)
Gabriel Aragón to second
Batting: LHB Ricardo Brandariz 0-0: SINGLE (Groundball, 4D)
Gabriel Aragón to third
Tony Long to second
Batting: RHB Aaron Washington 0-0: Foul Ball, location: 2F
0-1: Fly out, F1 (Popup, P)
Batting: RHB Roberto Chávez 0-0: Ball
1-0: SINGLE (Line Drive, 6D)
Gabriel Aragón scores
Tony Long to third
Ricardo Brandariz to second
Batting: RHB Yaichiro Sugahara 0-0: Ball
1-0: Ball
Wild Pitch!
Tony Long scores
Ricardo Brandariz to third
Roberto Chávez to second
2-0: Called Strike
2-1: Ball
3-1: Swinging Strike
3-2: Foul Ball, location: 2F
3-2: Strikes out swinging
Batting: LHB Paco Córdova 0-0: Ball
1-0: Fly out, F5 (Popup, 25F)
Top of the 9th over - 2 runs, 4 hits, 0 errors, 2 left on base; Boston 18 - Orlando 0
BOTTOM OF THE 9TH
Orlando Calrissian batting - Pitching for Boston Rebels : RHP John Foster
Batting: RHB Jesús Gonzáles 0-0: Ball
1-0: Called Strike
1-1: Ball
2-1: Swinging Strike
2-2: Foul Ball, location: 2F
2-2: SINGLE (Line Drive, 89M)
Batting: SHB Tim Abbott 0-0: Ball
1-0: SINGLE (Groundball, 6S) (infield hit)
Jesús Gonzáles to second
Batting: LHB Zack Payton 0-0: Ball
1-0: Ball
2-0: Called Strike
2-1: SINGLE (Groundball, 56D)
Jesús Gonzáles to third
Tim Abbott to second
Batting: RHB Raúl Canó 0-0: Called Strike
0-1: Ball
1-1: Foul Ball, location: 2F
1-2: Ball
2-2: GRAND SLAM HOME RUN (Line Drive, 7LD), Distance : 429 ft
Batting: RHB Gabriel Ángel 0-0: Ball
1-0: Fly out, F7 (Flyball, 78XD)
Pitching: RHP Jesús Mendoza
Batting: LHB Juan Colón 0-0: Ball
1-0: Ball
2-0: Called Strike
2-1: Foul Ball, location: 2F
2-2: Ball
3-2: Foul Ball, location: 2F
3-2: Base on Balls
Batting: RHB Griswold Coleman 0-0: Called Strike
0-1: Foul Ball, location: 2F
0-2: Foul Ball, location: 2F
0-2: Ball
1-2: Ball
2-2: Fly out, F9 (Flyball, 89D)
Batting: RHB Frederico Hernández 0-0: Ball
1-0: Ball
2-0: Foul Ball, location: 2F
2-1: SINGLE (Groundball, 34) (infield hit)
Juan Colón to second
Batting: RHB Robby Lewis 0-0: Called Strike
0-1: Called Strike
0-2: Ball
1-2: Strikes out looking
Bottom of the 9th over - 4 runs, 5 hits, 0 errors, 2 left on base; Boston 18 - Orlando 4
Saturday, April 7th, 2018 - OOTP Baseball 18.8 Build 76